 Dungeon Crawl Stone Soup version 0.32-a0-872-g59262bdc9b (webtiles) character file.

Game seed: 3478733929860512126

168 Heh the Trooper (level 5, 0/38 HPs)
             Began as an Octopode Alchemist on Mar 30, 2024.
             Slain by a gnoll
             ... wielding a +0 flail
              (12 damage)
             ... on level 4 of the Dungeon.
             The game lasted 00:03:28 (2867 turns).

Heh the Trooper (Octopode Alchemist)                Turns: 2867, Time: 00:03:29

Health: 0/38       AC:  1    Str:  7    XL:     5   Next: 48%
Magic:  17/17      EV: 12    Int: 18    God:
Gold:   153        SH:  0    Dex: 14    Spells: 4/8 levels left

rFire   . . .        b - +0 dagger
rCold   . . .        (no shield)
rNeg    . . .        (helmet restricted)
rPois   .            (no amulet)
rElec   .            j - ring of magical power
rCorr   .            (no ring)
SInv    .            (no ring)
Will    .....        (no ring)
Stlth   +++          (no ring)
HPRegen 0.26/turn    (no ring)
MPRegen 0.15/turn    (no ring)
                     (no ring)

%: no passive effects
@: no status effects
A: almost no armour, amphibious, 8 rings, camouflage 1, gelatinous body 1,
(nimble swimmer 1), tentacles
a: no special abilities


You were on level 4 of the Dungeon.
You visited 1 branch of the dungeon, and saw 4 of its levels.

You collected 153 gold pieces.

Inventory:

Hand Weapons
 b - a +0 dagger (weapon)
Missiles
 c - 6 poisoned darts
Jewellery
 j - a ring of magical power (left tentacle)
Scrolls
 e - a scroll of butterflies {unknown}
 f - a scroll of poison {unknown}
 g - 3 scrolls of teleportation {unknown}
 h - 2 scrolls of fear {unknown}
 i - 9 scrolls of identify {unknown}
 l - a scroll of immolation {unknown}
Potions
 a - 2 potions of magic
 d - a potion of heal wounds {unknown}
 k - a potion of degeneration {unknown}


   Skills:
 + Level 4.5 Fighting
 - Level 2.0 Dodging
 - Level 2.6 Stealth
 + Level 2.3 Spellcasting
 - Level 1.0 Conjurations
 + Level 3.6 Alchemy


You had 4 spell levels left.
You knew the following spells:

 Your Spells              Type           Power      Damage    Failure   Level
a - Sting                 Conj/Alch      40%        1d5       7%          1
b - Mephitic Cloud        Conj/Alch/Air  7%         N/A       28%         3

Your spell library contained the following spells:

 Spells                   Type           Power      Damage    Failure   Level
 Mercury Vapours          Alch/Air       16%        N/A       12%         2
 Olgreb's Toxic Radiance  Alch           15%        N/A       36%         4
 Sticky Flame             Fire/Alch      8%         2d4       63%         4
 Summon Lightning Spire   Summ/Air       2%         N/A       86%         4
 Lee's Rapid Deconstruct  Erth           1%         3d4*      99%         5
 Animate Armour           Summ/Erth      Unusable   N/A       N/A         4

Dungeon Overview and Level Annotations

Branches:
Dungeon (4/15)
 Temple: D:4-7

Altars:

Shops:
D:3 [


Innate Abilities, Weirdness & Mutations

You cannot wear most types of armour.
You are amphibious.
You can wear up to eight rings at the same time.
Your skin changes colour to match your surroundings (Stealth+).
Your rubbery body absorbs attacks. (AC +1, EV +1)
((You are camouflaged when in or above water. (Stealth+)))
You have tentacles for arms and can constrict up to eight enemies at once.


Message History

A gnoll comes into view. It is wielding a +0 spear.
A gnoll is nearby!
A gnoll is nearby!
A gnoll comes into view. It is wielding a +0 spear.
The gnoll shouts! x2
You hit the gnoll. Your grab misses the gnoll. You squeeze the gnoll.
The gnoll is heavily wounded.
The gnoll hits you with a +0 spear.
You hit the gnoll. You grab the gnoll.
The gnoll is severely wounded.
You constrict the gnoll. The gnoll hits you with a +0 spear.
You hit the gnoll.
You kill the gnoll!
You see here a +0 spear.
The gnoll barely misses you.
A gnoll comes into view. It is wielding a +0 flail.
You hit the gnoll. You grab the gnoll. You squeeze the gnoll.
The gnoll is moderately wounded.
You constrict the gnoll. The gnoll hits you with a +0 spear!
You hit the gnoll but do no damage. You squeeze the gnoll.
The gnoll is severely wounded.
You constrict the gnoll. The gnoll hits you with a +0 spear.
You hit the gnoll but do no damage.
The gnoll is almost dead.
You constrict the gnoll.
You kill the gnoll!
The gnoll hits you with a +0 flail!
You are too injured to fight recklessly!
You are too injured to fight recklessly!
You are too injured to fight recklessly!
You are too injured to fight recklessly!
You are too injured to fight recklessly!
You are too injured to fight recklessly!
You are too injured to fight recklessly!
You are too injured to fight recklessly!
A gnoll is nearby!
You hit the gnoll. You grab the gnoll.
The gnoll is lightly wounded.
You constrict the gnoll. The gnoll hits you with a +0 flail!
You die...

#.####.#.....#.##
..........#.#
#.#.##.##.#.#
...#.......#.#
### ####.####.#
#.####......#
#.......#####
#...###)# ## #@#
#...g)# #.....##
#.....' #.....
#..... #.....
#.....


You could see a gnoll.

Vanquished Creatures
  A bombardier beetle (D:4)
  An orc priest (D:3)
  2 adders (D:2)
  2 gnolls (D:4)
  A dart slug (D:1)
  3 orcs (D:3)
  9 endoplasms
  6 hobgoblins
  12 jackals
  3 kobolds
  4 ball pythons
  5 bats
  3 frilled lizards
  6 goblins
  4 rats (D:1)
62 creatures vanquished.

Notes
Turn   | Place    | Note
-------+----------+-------------------------------------------
     0 | D:1      | Heh the Octopode Alchemist began the quest for the Orb.
     0 | D:1      | Reached XP level 1. HP: 11/11 MP: 3/3
    28 | D:1      | Reached skill level 1 in Fighting
    96 | D:1      | Reached XP level 2. HP: 15/18 MP: 5/5
   284 | D:1      | Reached skill level 2 in Fighting
   457 | D:1      | Reached XP level 3. HP: 22/25 MP: 6/6
   644 | D:1      | You fall into a shaft and drop 1 floor!
   663 | D:2      | Reached skill level 3 in Fighting
  1060 | D:2      | Reached XP level 4. HP: 31/31 MP: 5/7
  1696 | D:3      | Found Deiky's Antique Armour Boutique.
  1715 | D:3      | Reached skill level 4 in Fighting
  1801 | D:3      | Learned a level 3 spell: Mephitic Cloud
  2074 | D:3      | Reached XP level 5. HP: 33/37 MP: 8/8
  2867 | D:4      | Slain by a gnoll

Illustrated notes

Levels and vault maps discovered:
D:1:      dpeg_arrival_pond, layout_basic, feat_on_display
D:2:      layout_loops_corners
D:3:      layout_basic, serial_shops, nicolae_shop_trees
D:4:      layout_basic, minmay_tree_intersection

Skill      XL: |  1  2  3  4 |
---------------+-------------+-----
Fighting       | 1 2 3 4 |  4.5
Dodging        | |  2.0
Stealth        | |  2.6
Spellcasting   | |  2.3
Conjurations   | |  1.0
Alchemy        | |  3.6

Action                     |  1- 3 |  4- 6 || total
---------------------------+-------+-------++-------
  Melee: Dagger            |    42 |    44 ||    86
         Unarmed           |     3 |       ||     3
         Constrict         |    15 |    18 ||    33
         Tentacles         |     6 |    15 ||    21
   Cast: Sting             |    15 |     6 ||    21
   Stab: Sleeping          |     4 |     6 ||    10
         Distracted        |     1 |       ||     1
 Armour: Skin              |    20 |    25 ||    45
  Dodge: Dodged            |    21 |    29 ||    50

Table legend: (Time is in decaauts)
 A = Elapsed time spent in this place.
 B = Non-inter-level travel time spent in this place.
 C = Inter-level travel time spent in this place.
 D = Time resting spent in this place.
 E = Time spent auto-exploring this place.
 F = Levels seen in this place.
 G = Mean time per level.
                   A        B        C        D        E       F      G
               +--------+--------+--------+--------+--------+-----+--------+
         Total |   2865 |   2820 |     45 |      0 |   2483 |   4 |  716.2 |
       Dungeon |   2865 |   2820 |     45 |      0 |   2483 |   4 |  716.2 |
               +--------+--------+--------+--------+--------+-----+--------+

Top non-repeatable levels by time:
     D:3: 1313 daAuts
     D:2: 877 daAuts
     D:1: 643 daAuts
     D:4: 30 daAuts
